 Dungeon Crawl Stone Soup version 0.31-a0-1-g4198be8af4 (webtiles) character file.

Game seed: 9608828800285452897

121 scionoferis the Cudgeller (level 5, -3/47 HPs)
             Began as a Ghoul Berserker on May 1, 2023.
             Was a Believer of Trog.
             Slain by Edmund
             ... wielding a +2 flail of venom
              (14 damage)
             ... on level 4 of the Dungeon.
             The game lasted 00:06:00 (3068 turns).

scionoferis the Cudgeller (Ghoul Berserker)         Turns: 3068, Time: 00:06:00

Health: -3/47      AC: 10    Str: 20    XL:     5   Next: 5%
Magic:  4/4        EV: 10    Int:  3    God:    Trog [**....]
Gold:   161        SH:  0    Dex: 10    Spells: 4/4 levels left

rFire   . . .        a - +0 flail
rCold   + . .        (no shield)
rNeg    + + +        n - +0 scale mail
rPois   ∞            (no helmet)
rElec   .            (no cloak)
rCorr   .            (no gloves)
SInv    +            (no boots)
Will    .....        (no amulet) Stlth
                     o - ring of see invisible
HPRegen 0.00/turn    r - +4 ring of protection
MPRegen 0.09/turn

%: no passive effects
@: about to teleport, inhibited regen
A: claws 1, cold resistance 1, negative energy resistance 3, inhibited
regeneration, torment resistance 2, devour on kill
a: Renounce Religion, Trog's Hand


You were on level 4 of the Dungeon.
You worshipped Trog.
Trog was pleased with you.
You visited 1 branch of the dungeon, and saw 4 of its levels.

You collected 189 gold pieces.
You spent 28 gold pieces at shops.


Innate Abilities, Weirdness & Mutations

You are immune to poison.
You have sharp fingernails.
Your flesh is cold resistant. (rC+)
You are immune to negative energy. (rN+++)
You do not regenerate when monsters are visible.
You are immune to unholy pain and torment.
You thrive by killing the living.


   Skills:
 + Level 4.4 Fighting
 * Level 4.4 Maces & Flails
 - Level 1.7 Armour
 - Level 1.7 Dodging


You had 4 spell levels left.
You didn't know any spells.
Your spell library was empty.

Inventory:

Hand Weapons
 a - a +0 flail (weapon)
   (You took it off a gnoll on level 4 of the Dungeon)
 b - a +1 arbalest of freezing
   (You found it on level 2 of the Dungeon)
Missiles
 f - 4 boomerangs
 j - 4 poisoned darts
Armour
 n - a +0 scale mail (worn)
   (You found it on level 2 of the Dungeon)
Jewellery
 o - a ring of see invisible (left claw)
   (You found it on level 3 of the Dungeon)
 r - a +4 ring of protection (right claw)
   (You found it on level 3 of the Dungeon)
Scrolls
 k - 3 scrolls of teleportation
 m - a scroll of enchant weapon
 s - a scroll of noise
 t - a scroll of immolation
Potions
 c - a potion of magic {unknown}
 d - a potion of degeneration {unknown}
 e - a potion of cancellation {unknown}
 h - a potion of lignification {unknown}
 i - 2 potions of flight {unknown}
 l - 2 potions of curing {unknown}
 p - a potion of attraction {unknown}
 q - a potion of mutation {unknown}
 u - a potion of heal wounds {unknown}

Dungeon Overview and Level Annotations

Branches:
Dungeon (4/15)
 Temple: D:4-7

Altars:
Hepliaklqana
Uskayaw

Shops:
D:3 !(![*

Annotations:
D:4 Edmund

....#................#..##.#.....
##.........................#.....
##.........###...##.............
# ###......####...###............
## #......#... #................
.####..........##....##.....#....
..#.........#.................[##
..##....†...##.@.....##.....##...
................@...........#...#
#.........................#......
.................................
.................................
..................#.............#
..........#.......#.............#
..[...............#......>.##..#.
..(......#.##........##...##...#.
..........##..............#....##


You could see Edmund (strong).


Message History

Welcome, scionoferis the Ghoul Berserker.
The Orb of Zot is coveted for many reasons.
Will you seize it for your own?
Trog says: Kill them all!
Press ? for a list of commands and other information.
Found a scroll labelled AMI ZOVUD UKHU and a robe.
Found two stairs.
c - a scroll labelled AMI ZOVUD UKHU
Found a leather armour.
A hobgoblin comes into view.
The hobgoblin shouts!
The hobgoblin moves out of view.
You see here a +0 leather armour.
d - a +0 leather armour You hit the hobgoblin.
The hobgoblin is lightly wounded.
The hobgoblin hits you.
You hit the hobgoblin.
The hobgoblin is almost dead.
The hobgoblin hits you.
You closely miss the hobgoblin.
The hobgoblin is almost dead.
The hobgoblin hits you.
You are too injured to fight recklessly!
You are too injured to fight recklessly!
You hit the hobgoblin.
You kill the hobgoblin!
Trog accepts your kill.
You start removing your armour.
You continue taking off your +0 animal skin. x4
You finish taking off your +0 animal skin.
You start putting on your armour.
You continue putting on your +0 leather armour. x5
You finish putting on your +0 leather armour.
You drop a +0 animal skin.
HP restored.
Found a robe.
b - a fizzy dark potion
Found a robe.
You see here a +0 robe.
As you open the door, it creaks loudly!
There is an open door here.
A kobold comes into view. It is wielding a +0 dagger.
The kobold shouts!
The kobold throws a stone.
The stone closely misses you.
You barely miss the kobold. The kobold hits you but does no damage.
A rat comes into view.
You closely miss the kobold. The kobold hits you but does no damage.
You hit the kobold.
You kill the kobold!
Trog accepts your kill. The rat bites you but does no damage.
A goblin comes into view. It is wielding a +0 club.
Things that are here:
a +0 dagger; 4 stones The goblin shouts!
You hit the rat.
You kill the rat!
Trog accepts your kill.
You hear a shout!
You hear an angry hiss.
You hit the goblin.
You kill the goblin!
Trog accepts your kill.
No target in view!
No target in view!
Things that are here:
a +0 club; a goblin corpse
Found a stone staircase leading down.
A bat comes into view.
The bat moves out of view.
A kobold comes into view. It is wielding a +0 short sword.
The kobold shouts!
The kobold hits you but does no damage.
You hit the kobold.
The kobold is heavily wounded.
The kobold barely misses you.
You hit the kobold.
You kill the kobold!
Trog accepts your kill. The bat completely misses you.
A ball python comes into view.
Your Maces & Flails skill increases to level 3!
The ball python hisses angrily.
The bat closely misses you.
There is a stone staircase leading down here.
You see here a +0 short sword.
The bat hits you. The ball python closely misses you.
The ball python misses you.
You closely miss the bat. The bat hits you but does no damage.
The ball python closely misses you. x2; The ball python barely misses you.
The ball python grabs you. The ball python constricts you.
You thump the ball python!
You kill the ball python!
Trog accepts your kill.
You feel better. The bat completely misses you. The bat hits you.
You have reached level 2!
You closely miss the bat. The bat barely misses you. The bat hits you.
The bat hits you but does no damage.
You miss the bat. The bat hits you. The bat closely misses you.
You hit the bat.
The bat is moderately wounded.
The bat hits you but does no damage. x2; The bat closely misses you.
You hit the bat.
You kill the bat!
Trog accepts your kill.
You feel better.
No target in view!
No target in view!
You now have 12 gold pieces.
As you open the door, it creaks loudly!
There is an open door here.
You open the door.
Found a quarterstaff.
There is an open door here.
You now have 29 gold pieces (gained 17).
Found a ring mail.
Search for what [? for help]? staff
Found a scroll labelled LAIFUSTR SARAH.
You see here a +0 quarterstaff.
e - a +0 quarterstaff
e - a +0 quarterstaff (weapon)
Search for what [Enter for "staff", or ? for help]? ring
Found 5 gold pieces.
You see here a +0 ring mail.
f - a +0 ring mail You start removing your armour.
You continue taking off your +0 leather armour. x4
You finish taking off your +0 leather armour.
You start putting on your armour.
You continue putting on your +0 ring mail. x5
You finish putting on your +0 ring mail.
Unknown command.
You drop a +0 leather armour.
You now have 34 gold pieces (gained 5).
A kobold comes into view. It is wielding a +0 short sword.
The kobold shouts!
The kobold hits you with a +0 short sword.
You closely miss the kobold. The kobold barely misses you.
You closely miss the kobold. The kobold closely misses you.
A bat comes into view.
You miss the kobold. The kobold closely misses you.
You sock the kobold!
You kill the kobold!
Trog accepts your kill. The bat hits you.
You barely miss the bat. The bat barely misses you.
The bat hits you but does no damage.
You closely miss the bat. The bat barely misses you.
The bat hits you but does no damage.
You see here a +0 short sword.
You barely miss the bat. The bat hits you but does no damage. x2
The bat hits you.
You sock the bat!
You kill the bat!
Trog accepts your kill.
No target in view!
No target in view!
You see here a +0 short sword.
d - a red potion
Found an escape hatch in the floor.
Found a robe.
An endoplasm comes into view.
The endoplasm quivers.
The endoplasm moves out of view.
The endoplasm closely misses you.
You hit the endoplasm but do no damage. The endoplasm hits you.
You hit the endoplasm.
The endoplasm is heavily wounded.
The endoplasm hits you. The endoplasm freezes you.
You are frozen.
You resist.
You hit the endoplasm.
You kill the endoplasm!
Trog accepts your kill.
You feel better.
No target in view!
Found a club.
Found a stone staircase leading down.
There is a stone staircase leading down here.
g - a scroll labelled LAIFUSTR SARAH You open the door.
There is an open door here.
A giant cockroach comes into view.
The giant cockroach misses you.
You barely miss the giant cockroach.
The giant cockroach bites you but does no damage.
The giant cockroach completely misses you.
You closely miss the giant cockroach.
The giant cockroach bites you but does no damage.
You hit the giant cockroach.
The giant cockroach is almost dead.
The giant cockroach bites you.
You completely miss the giant cockroach.
The giant cockroach is almost dead.
The giant cockroach barely misses you.
The giant cockroach bites you but does no damage.
You hit the giant cockroach.
You kill the giant cockroach!
Trog accepts your kill.
No target in view!
You see here a giant cockroach corpse.
There is a stone staircase leading down here.
You see here a +0 short sword.
There is a stone staircase leading down here.
You see here a +0 short sword.
There is an open door here.
Done exploring.
Done exploring.
Search for what [Enter for "ring", or ? for help]? d: Unknown command.
There is an open door here.
There is a stone staircase leading down here.
You see here a +0 short sword.
You climb downwards.
There is a stone staircase leading up here.
You see here a +1 arbalest of freezing.
You open the door.
There is an open door here.
h - a fuming brown potion
There is an open door here.
You see here a +1 arbalest of freezing.
i - a +1 arbalest of freezing Adjust to which letter? (? for menu, Esc to quit)
b - a +1 arbalest of freezing;
i - a fizzy dark potion Adjust to which letter? (? for menu, Esc to quit)
a - a +0 quarterstaff (weapon);
e - a +0 mace Your +1 arbalest of freezing is covered in frost.
b - a +1 arbalest of freezing (weapon)
You open the door.
A frilled lizard comes into view.
The frilled lizard hisses angrily.
There is an open door here.
You shoot a bolt. The bolt misses the frilled lizard.
You shoot a bolt.
The bolt closely misses the frilled lizard.
You shoot a bolt. The bolt misses the frilled lizard.
The frilled lizard bites you but does no damage.
Your +1 arbalest of freezing stops glowing.
a - a +0 quarterstaff (weapon)
You sock the frilled lizard!
You kill the frilled lizard!
Trog accepts your kill.
No target in view!
Your +1 arbalest of freezing is covered in frost.
b - a +1 arbalest of freezing (weapon)
You see here a frilled lizard corpse.
Found a stone staircase leading down.
Found a Young Poisoner's Handbook and 5 stones.
You see here 5 stones.
You open the door.
There is an open door here.
Found 4 poisoned darts.
You see here 4 poisoned darts.
j - 4 poisoned darts As you open the door, it creaks loudly!
Found a hand axe.
There is an open door here.
A rat comes into view.
You shoot a bolt. The bolt closely misses the rat.
You shoot a bolt. The bolt barely misses the rat.
You shoot a bolt. The bolt barely misses the rat.
The rat bites you but does no damage.
Your +1 arbalest of freezing stops glowing.
a - a +0 quarterstaff (weapon)
The rat bites you but does no damage.
You barely miss the rat. The rat closely misses you.
You hit the rat.
You kill the rat!
Trog accepts your kill.
No target in view!
Your +1 arbalest of freezing is covered in frost.
b - a +1 arbalest of freezing (weapon)
k - 3 scrolls labelled DAUTI EFAECK You now have 45 gold pieces (gained 11).
i - 2 fizzy dark potions (gained 1)
Found a stone staircase leading down.
You now have 58 gold pieces (gained 13).
l - a fizzy white potion
There is a stone staircase leading down here.
A hobgoblin comes into view.
The hobgoblin shouts!
You shoot a bolt. The bolt hits the hobgoblin.
The bolt freezes the hobgoblin.
The hobgoblin is almost dead.
You shoot a bolt. The bolt hits the hobgoblin!
The bolt freezes the hobgoblin.
You kill the hobgoblin!
Trog accepts your kill.
A kobold comes into view. It is wielding a +0 dagger.
You shoot a bolt. The bolt closely misses the kobold.
The kobold shouts!
You shoot a bolt. The bolt hits the kobold.
The bolt freezes the kobold.
You kill the kobold!
Trog accepts your kill.
No target in view!
You see here a hobgoblin corpse.
c - 4 scrolls labelled AMI ZOVUD UKHU (gained 3)
There is an open door here.
You now have 87 gold pieces (gained 29).
Things that are here:
a +0 dagger; a kobold corpse
Found 2 stones.
You open the large door.
There is a large open door here.
Found a book of Hexes.
There is a large open door here.
You now have 101 gold pieces (gained 14).
m - a scroll labelled LYTHAPRALI
Found a stone staircase leading down.
A worm comes into view.
You shoot a bolt. The bolt hits the worm!
The bolt freezes the worm.
The worm is almost dead.
You shoot a bolt. The bolt barely misses the worm.
Your +1 arbalest of freezing stops glowing.
a - a +0 quarterstaff (weapon)
The worm bites you.
You hit the worm.
The worm is almost dead.
You sock the worm!
You kill the worm!
Trog accepts your kill.
You feel better.
No target in view!
Your +1 arbalest of freezing is covered in frost.
b - a +1 arbalest of freezing (weapon)
HP restored.
An adder comes into view.
The adder hisses angrily.
You shoot a bolt. The bolt closely misses the adder.
You shoot a bolt. The bolt closely misses the adder.
The adder bites you. The adder bites you but does no damage.
Your +1 arbalest of freezing stops glowing.
a - a +0 quarterstaff (weapon)
You barely miss the adder. The adder bites you. The adder misses you.
You miss the adder. The adder barely misses you.
You closely miss the adder. The adder bites you. x2
You barely miss the adder.
The adder bites you but does no damage. x2
You barely miss the adder. The adder closely misses you.
You barely miss the adder.
The adder bites you but does no damage. x2
You barely miss the adder. The adder completely misses you.
You barely miss the adder. The adder bites you. The adder barely misses you.
You closely miss the adder. The adder barely misses you.
You thump the adder!
The adder is almost dead.
The adder bites you but does no damage. The adder bites you.
You closely miss the adder.
The adder is almost dead.
The adder bites you but does no damage.
You barely miss the adder.
The adder is almost dead.
The adder bites you but does no damage. The adder bites you.
You are too injured to fight recklessly!
You are too injured to fight recklessly!
You are too injured to fight recklessly!
You are too injured to fight recklessly!
You miss the adder.
The adder is almost dead.
The adder bites you. The adder closely misses you.
You sock the adder!
You kill the adder!
Trog accepts your kill.
You feel better.
You have reached level 3!
Your experience leads to an increase in your attributes!
Increase (S)trength, (I)ntelligence, or (D)exterity?
You feel agile. x2
Your +1 arbalest of freezing is covered in frost.
b - a +1 arbalest of freezing (weapon)
Things that are here:
an adder corpse; a worm corpse
l - 2 fizzy white potions (gained 1)
Found a scale mail.
You see here a +0 scale mail.
k - 4 scrolls labelled DAUTI EFAECK (gained 1)
A bat comes into view.
The bat moves out of view.
Unknown command.
Search for what [Enter for "d:", or ? for help]? scale A bat is nearby!
You shoot a bolt. The bolt closely misses the bat.
The bat barely misses you. The bat hits you but does no damage.
You shoot a bolt. The bolt hits the bat!
The bolt freezes the bat.
You kill the bat!
Trog accepts your kill.
No target in view!
(D) Dungeon
Where to? (Enter - D:2 @ (x,y), ? - help)
Things that are here:
an adder corpse; a worm corpse You see here a +0 scale mail.
n - a +0 scale mail You start removing your armour.
You continue taking off your +0 ring mail. x4
You finish taking off your +0 ring mail.
You start putting on your armour.
You continue putting on your +0 scale mail. x5
You finish putting on your +0 scale mail.
Unknown command.
You drop a +0 ring mail.
You see here an adder corpse.
Found 7 stones.
An endoplasm comes into view.
The endoplasm quivers.
You shoot a bolt. The bolt hits the endoplasm!
The bolt freezes the endoplasm.
You kill the endoplasm!
Trog accepts your kill.
Your +1 arbalest of freezing stops glowing.
a - a +0 quarterstaff (weapon)
Your +1 arbalest of freezing is covered in frost.
b - a +1 arbalest of freezing (weapon)
As you open the door, it creaks loudly!
There is an open door here.
There is a stone staircase leading up here.
A goblin comes into view. It is wielding a +0 club.
The goblin shouts!
You shoot a bolt. The bolt hits the goblin!
The bolt freezes the goblin.
You kill the goblin!
Trog accepts your kill.
Your +1 arbalest of freezing stops glowing.
a - a +0 quarterstaff (weapon)
Your +1 arbalest of freezing is covered in frost.
b - a +1 arbalest of freezing (weapon)
Things that are here:
a +0 club; a goblin corpse
There is a stone staircase leading up here.
There is an open door here.
You open the door.
There is an open door here.
There is a large open door here.
There is a large open door here.
You see here a +0 dagger.
There is an open door here.
There is a stone staircase leading down here.
A hobgoblin comes into view.
The hobgoblin shouts!
You shoot a bolt. The bolt hits the hobgoblin!
The bolt freezes the hobgoblin.
You kill the hobgoblin!
Trog accepts your kill.
You open the door.
There is an open door here.
Found a stone staircase leading up.
Found a stone staircase leading up.
There is a stone staircase leading up here.
You now have 108 gold pieces (gained 7).
There is a stone staircase leading up here.
There is a stone staircase leading up here.
Done exploring.
Done exploring.
Search for what [Enter for "scale", or ? for help]? d: Unknown command.
There is an open door here.
There is a stone staircase leading down here.
You climb downwards.
Found Peitzyez's Distillery.
Found two stone staircases leading down.
There is a stone staircase leading up here.
There is an entrance to Peitzyez's Distillery here.
There is a stone staircase leading up here.
A frilled lizard comes into view.
The frilled lizard hisses angrily.
You shoot a bolt.
The bolt hits the frilled lizard but does no damage.
You shoot a bolt.
The bolt closely misses the frilled lizard.
The frilled lizard bites you but does no damage.
Your +1 arbalest of freezing stops glowing.
a - a +0 quarterstaff (weapon)
You hit the frilled lizard.
You kill the frilled lizard!
Trog accepts your kill.
No target in view!
No target in view!
Your +1 arbalest of freezing is covered in frost.
b - a +1 arbalest of freezing (weapon)
You see here a frilled lizard corpse.
There is a stone staircase leading down here.
Found 4 boomerangs.
You now have 116 gold pieces (gained 8).
You see here 4 boomerangs.
f - 4 boomerangs
Found a stone staircase leading down.
There is a stone staircase leading down here.
An endoplasm comes into view.
Found an encrusted tourmaline ring.
The endoplasm quivers.
You shoot a bolt. The bolt hits the endoplasm!
The bolt freezes the endoplasm.
You kill the endoplasm!
Trog accepts your kill.
Found an escape hatch in the ceiling.
o - a ring of see invisible
o - a ring of see invisible (left claw)
Found a book of Dreams.
c - 5 scrolls labelled AMI ZOVUD UKHU (gained 1)
p - a scroll labelled JEOLUG DYJAYNT
q - a glowing puce potion
Found Tiugh's Distillery.
An endoplasm comes into view.
Found Lezxiff's Weapon Shop.
The endoplasm quivers.
You shoot a bolt. The bolt hits the endoplasm.
The bolt freezes the endoplasm.
The endoplasm is moderately wounded.
The endoplasm barely misses you. The endoplasm hits you.
Your +1 arbalest of freezing stops glowing.
a - a +0 quarterstaff (weapon)
You hit the endoplasm.
The endoplasm is severely wounded.
The endoplasm hits you.
You sock the endoplasm!
You kill the endoplasm!
Trog accepts your kill.
No target in view!
Your +1 arbalest of freezing is covered in frost.
b - a +1 arbalest of freezing (weapon)
HP restored.
There is an entrance to Lezxiff's Weapon Shop here.
You open the door.
There is an open translucent door here.
There is an entrance to Tiugh's Distillery here.
There is an open translucent door here.
Found 7 stones.
You see here 7 stones.
A bat comes into view.
You shoot a bolt. The bolt closely misses the bat.
The bat hits you but does no damage. The bat barely misses you.
You shoot a bolt. The bolt barely misses the bat.
The bat hits you but does no damage. The bat misses you.
The bat barely misses you.
You shoot a bolt. The bolt hits the bat!
The bolt freezes the bat.
You kill the bat!
Trog accepts your kill.
No target in view!
No target in view!
You now have 123 gold pieces (gained 7).
r - a +4 ring of protection
r - a +4 ring of protection (right claw)
You see here a book of Dreams.
Found an escape hatch in the floor.
A ball python comes into view.
The ball python hisses angrily.
You shoot a bolt. The bolt barely misses the ball python.
You shoot a bolt. The bolt barely misses the ball python.
Your +1 arbalest of freezing stops glowing.
a - a +0 quarterstaff (weapon)
The ball python barely misses you. The ball python closely misses you.
You hit the ball python.
You kill the ball python!
Trog accepts your kill.
No target in view!
Your +1 arbalest of freezing is covered in frost.
b - a +1 arbalest of freezing (weapon)
You see here a ball python corpse.
Found a ring mail.
Found Butaw's General Store.
You now have 134 gold pieces (gained 11).
Found a club.
There is an entrance to Butaw's General Store here.
c - 6 scrolls of identify (gained 1) Thank you for shopping at Butaw's General Store!
Found Utimeo Cuud's Armour Emporium.
There is an entrance to Utimeo Cuud's Armour Emporium here.
You see here a +0 club.
You see here a +0 club.
There is a stone staircase leading down here.
Found a roughly hewn altar of Beogh.
You now have 118 gold pieces (gained 12).
s - a scroll labelled MANOPE UTID
t - a scroll labelled HEBOSYRPHEL As you open the door, it creaks loudly!
Found a naga skeleton.
You open the door.
Found a human skeleton.
You open the door.
Found a stone.
Found a faded altar of an unknown god.
A bat comes into view.
You shoot a bolt. The bolt closely misses the bat.
The bat hits you but does no damage. x2
You shoot a bolt. The bolt barely misses the bat.
The bat hits you but does no damage.
You shoot a bolt. The bolt hits the bat!
The bolt freezes the bat.
You kill the bat!
Trog accepts your kill.
No target in view!
You see here a bat corpse.
Found a stone staircase leading up.
Found a book of Spatial Translocations.
You see here a book of Spatial Translocations.
You see here a book of Spatial Translocations.
There is a stone staircase leading up here.
A hobgoblin comes into view.
The hobgoblin shouts!
You shoot a bolt. The bolt hits the hobgoblin!
The bolt freezes the hobgoblin.
You kill the hobgoblin!
Trog accepts your kill.
You can now call upon Trog for regeneration and willpower.
Found a stone staircase leading up.
p - 4 scrolls labelled JEOLUG DYJAYNT (gained 3)
You now have 137 gold pieces (gained 19).
Done exploring.
As you read the scroll of identify, it crumbles to dust.
g - a scroll of fear
As you read the scroll of identify, it crumbles to dust.
m - a scroll of enchant weapon
As you read the scroll of identify, it crumbles to dust.
p - 4 scrolls of amnesia
As you read the scroll of identify, it crumbles to dust.
s - a scroll of noise
As you read the scroll of identify, it crumbles to dust.
t - a scroll of immolation
As you read the scroll of identify, it crumbles to dust.
k - 4 scrolls of teleportation Done exploring.
You see here a bat corpse.
There is a stone staircase leading down here.
Search for what [Enter for "d:", or ? for help]? d: Unknown command.
You climb downwards.
There is a stone staircase leading up here.
Search for what [Enter for "d:", or ? for help]? mace A dart slug comes into view.
You shoot a bolt. The bolt hits the dart slug.
The bolt freezes the dart slug.
The dart slug is moderately wounded.
You shoot a bolt. The bolt hits the dart slug!
The bolt freezes the dart slug.
You kill the dart slug!
Trog accepts your kill.
Found a ring mail.
Found 5 stones.
c - a fuming inky potion You now have 148 gold pieces (gained 11). 2 gnolls come into view.
The gnoll shouts! x2
The gnoll moves out of view.
A gnoll comes into view. It is wielding a +0 flail.
The gnoll moves out of view.
You shoot a bolt. The bolt barely misses the gnoll.
You shoot a bolt. The bolt closely misses the gnoll.
The gnoll hits you with a +0 whip.
Your +1 arbalest of freezing stops glowing.
a - a +0 quarterstaff (weapon)
You thump the gnoll!
You kill the gnoll!
Trog accepts your kill.
Your Fighting skill increases to level 4!
Your +1 arbalest of freezing is covered in frost.
b - a +1 arbalest of freezing (weapon)
You shoot a bolt. The bolt hits the gnoll.
The bolt freezes the gnoll.
The gnoll is moderately wounded.
Your +1 arbalest of freezing stops glowing.
a - a +0 quarterstaff (weapon)
The gnoll barely misses you.
You barely miss the gnoll.
The gnoll is moderately wounded.
The gnoll hits you with a +0 flail.
You hit the gnoll.
The gnoll is heavily wounded.
The gnoll hits you with a +0 flail.
You sock the gnoll!
You kill the gnoll!
Trog accepts your kill.
You feel better.
You have reached level 4!
You start resting.
HP restored.
Items here: )) ††.
u - a +0 flail Adjust to which letter? (? for menu, Esc to quit)
a - a +0 flail;
u - a +0 quarterstaff (weapon)
a - a +0 flail (weapon)
You drop a +0 mace.
You drop a +0 quarterstaff.
A gnoll is nearby!
Your +1 arbalest of freezing is covered in frost.
b - a +1 arbalest of freezing (weapon)
The gnoll shouts!
You shoot a bolt. The bolt barely misses the gnoll.
You shoot a bolt. The bolt hits the gnoll!
The bolt freezes the gnoll.
The gnoll is severely wounded.
You shoot a bolt. The bolt closely misses the gnoll.
Your +1 arbalest of freezing stops glowing.
a - a +0 flail (weapon)
The gnoll barely misses you.
You thump the gnoll!
You kill the gnoll!
Trog accepts your kill.
Your Maces & Flails skill increases to level 4!
No target in view!
No target in view!
Your +1 arbalest of freezing is covered in frost.
b - a +1 arbalest of freezing (weapon)
An endoplasm comes into view.
You shoot a bolt. The bolt hits the endoplasm.
The bolt freezes the endoplasm.
You kill the endoplasm!
Trog accepts your kill.
You enter the shallow water.
Moving in this stuff is going to be slow.
You enter the shallow water.
Moving in this stuff is going to be slow.
Found a dagger.
You see here a +0 dagger.
Found a stone staircase leading down.
You now have 161 gold pieces (gained 13).
Found a stone staircase leading down.
There is a stone staircase leading down here.
Found a book of Blood.
e - a metallic emerald potion
Found 6 stones.
A hobgoblin comes into view.
The hobgoblin shouts!
The hobgoblin moves out of view.
Found a stone staircase leading up.
You shoot a bolt. The bolt hits the hobgoblin!
The bolt freezes the hobgoblin.
You kill the hobgoblin!
Trog accepts your kill.
You see here a hobgoblin corpse.
There is a stone staircase leading up here.
You open the door.
Found a hazy altar of Hepliaklqana.
There is an open door here.
As you open the door, it creaks loudly!
You hear an angry hiss.
An adder comes into view.
There is an open door here.
You shoot a bolt. The bolt hits the adder!
The bolt freezes the adder.
You kill the adder!
Trog accepts your kill.
Your +1 arbalest of freezing stops glowing.
a - a +0 flail (weapon)
Your +1 arbalest of freezing is covered in frost.
b - a +1 arbalest of freezing (weapon)
Found a pair of boots.
Found a stone staircase leading down.
p - 5 scrolls of amnesia (gained 1)
You see here a +0 pair of boots.
You see here 6 stones.
Found an escape hatch in the floor.
You drop 5 scrolls of amnesia.
You open the door.
There is an open door here.
You open the door.
A jelly comes into view.
The jelly quivers.
There is an open door here.
You shoot a bolt. The bolt hits the jelly.
The bolt freezes the jelly.
The jelly is moderately wounded.
You shoot a bolt. The bolt hits the jelly!
The bolt freezes the jelly.
You kill the jelly!
Trog accepts your kill.
No target in view!
An orc comes into view. It is wielding a +0 flail.
The orc shouts!
You shoot a bolt. The bolt hits the orc!
The bolt freezes the orc.
You kill the orc!
Trog accepts your kill.
You have reached level 5!
You feel stronger.
Found an escape hatch in the ceiling.
A jackal comes into view.
You shoot a bolt. The bolt misses the jackal.
You shoot a bolt. The bolt misses the jackal.
The jackal bites you but does no damage.
Your +1 arbalest of freezing stops glowing.
a - a +0 flail (weapon)
The jackal barely misses you.
You barely miss the jackal. The jackal barely misses you.
You hit the jackal but do no damage.
The jackal bites you but does no damage.
A jackal comes into view.
The jackal bites you but does no damage.
The jackal barks!
You thump the jackal!
You kill the jackal!
Trog accepts your kill.
You hear a bark!
A jackal comes into view.
You see here a jackal corpse.
You barely miss the jackal.
The jackal bites you but does no damage.
The jackal closely misses you.
You closely miss the jackal. The jackal barely misses you.
The jackal closely misses you. The jackal barely misses you.
You sock the jackal!
You kill the jackal!
Trog accepts your kill. The jackal barely misses you.
You barely miss the jackal. The jackal closely misses you.
The jackal bites you but does no damage.
You barely miss the jackal. Your claw misses the jackal.
The jackal barely misses you.
The jackal bites you but does no damage.
You sock the jackal!
You kill the jackal!
Trog accepts your kill.
No target in view!
Your +1 arbalest of freezing is covered in frost.
b - a +1 arbalest of freezing (weapon)
You see here a jackal corpse.
A jackal comes into view.
You shoot a bolt. The bolt hits the jackal.
The bolt freezes the jackal.
The jackal is almost dead.
You shoot a bolt. The bolt closely misses the jackal.
The jackal barely misses you.
Your +1 arbalest of freezing stops glowing.
a - a +0 flail (weapon)
The jackal bites you but does no damage.
You closely miss the jackal.
The jackal is almost dead.
The jackal misses you. The jackal barely misses you.
You hit the jackal.
You kill the jackal!
Trog accepts your kill.
Your +1 arbalest of freezing is covered in frost.
b - a +1 arbalest of freezing (weapon)
Found 2 stones.
p - a sedimented grey potion
u - a fuming clear potion
Found a hide-covered altar of Uskayaw.
Edmund the Younger comes into view.
He is wielding a +2 flail of venom.
Edmund shouts!
Press: ? - help, v - describe, . - travel
Here: Edmund, wielding a +2 flail of venom and wearing a +0 chain mail The floor.
Unknown command.
Fire: b) +1 arbalest (freeze)
Press: ? - help, Q - select action, (/) - cycle Shift-Dir - straight line, f - Edmund
Aim: Edmund, wielding a +2 flail of venom and wearing a +0 chain mail (61% to hit)
You shoot a bolt. The bolt hits Edmund!
The bolt freezes Edmund.
Edmund is moderately wounded.
Edmund says, "I might not be good at magic, but I can still kill you!"
Fire: b) +1 arbalest (freeze)
Press: ? - help, Q - select action, (/) - cycle Shift-Dir - straight line, f/p - Edmund
Aim: Edmund, wielding a +2 flail of venom and wearing a +0 chain mail (moderately wounded, 61% to hit)
You shoot a bolt. The bolt hits Edmund.
The bolt freezes Edmund.
Edmund is heavily wounded.
Your +1 arbalest of freezing stops glowing.
a - a +0 flail (weapon)
You hit Edmund but do no damage.
Edmund is heavily wounded.
Edmund drinks a potion.
Edmund seems to grow stronger.
You hit Edmund.
Edmund is heavily wounded.
Edmund hits you with a +2 flail of venom.
You hit Edmund but do no damage.
Edmund is heavily wounded.
Edmund misses you.
You closely miss Edmund.
Edmund is heavily wounded.
Edmund hits you but does no damage.
You closely miss Edmund.
Edmund is heavily wounded.
Edmund hits you with a +2 flail of venom.
Edmund says, "What use are spells, anyway?"
Edmund hits you with a +2 flail of venom!
Unknown command.
As you read the scroll of fear, it crumbles to dust.
You assume a fearsome visage.
Edmund looks frightened!
Edmund moans, "Oh dear!
Oh dear!"
Your +1 arbalest of freezing is covered in frost.
b - a +1 arbalest of freezing (weapon)
Found a stone staircase leading up.
Edmund yells, "Help!"
You shoot a bolt. The bolt closely misses Edmund.
You shoot a bolt. The bolt closely misses Edmund.
You shoot a bolt. The bolt hits Edmund.
The bolt freezes Edmund.
Edmund is heavily wounded.
Your +1 arbalest of freezing stops glowing.
a - a +0 flail (weapon)
You hit Edmund but do no damage.
Edmund is heavily wounded.
Edmund hits you with a +2 flail of venom!
You barely miss Edmund.
Edmund is heavily wounded.
Edmund hits you with a +2 flail of venom!
* * * LOW HITPOINT WARNING * * *
You barely miss Edmund.
Edmund is heavily wounded.
Edmund completely misses you.
Unknown command.
As you read the scroll of teleportation, it crumbles to dust.
You feel strangely unstable. Edmund barely misses you.
Edmund attacks as you move away!
Edmund hits you with a +2 flail of venom!
You die...

Skill      XL: |  1  2  3  4 |
---------------+-------------+-----
Maces & Flails | 3 4 |  4.4
Fighting       | 4 |  4.4
Armour         | |  1.7
Dodging        | |  1.7

Action                     |  1- 3 |  4- 6 || total
---------------------------+-------+-------++-------
  Melee: Mace              |    17 |       ||    17
         Quarterstaff      |    43 |       ||    43
         Flail             |       |    20 ||    20
   Fire: Arbalest          |    37 |    18 ||    55
    Use: Scroll            |     6 |     2 ||     8
 Armour: Leather armour    |     8 |       ||     8
         Ring mail         |    19 |       ||    19
         Scale mail        |     6 |     8 ||    14
  Dodge: Dodged            |    38 |    16 ||    54

Levels and vault maps discovered:
D:1:      dpeg_arrival_stonehenge_8_columns, layout_basic, minmay_pentomino_t2
D:2:      layout_basic
D:3:      layout_loops_cross, hellmonk_ecumenical_altar_defaced_shrine,
          serial_shops, nicolae_diamond_shop, nicolae_shop_tiny_glass,
          nicolae_shop_just_a_little_nook, shop, nicolae_shop_just_a_little_nook
D:4:      layout_layer_cave, mainiacjoe_overflow_alcove_2,
          mainiacjoe_overflow_six_doors_small, serial_bayou_pond_d, uniq_edmund

Notes
Turn   | Place    | Note
-------+----------+-------------------------------------------
     0 | D:1      | scionoferis the Ghoul Berserker began the quest for the
                  | Orb.
     0 | D:1      | Reached XP level 1. HP: 19/19 MP: 0/0
   141 | D:1      | Reached skill level 3 in Maces & Flails
   145 | D:1      | Reached XP level 2. HP: 23/26 MP: 1/1
  1008 | D:2      | Reached XP level 3. HP: 15/33 MP: 2/2
  1630 | D:3      | Found Peitzyez's Distillery.
  1739 | D:3      | Found Tiugh's Distillery.
  1741 | D:3      | Found Lezxiff's Weapon Shop.
  1937 | D:3      | Found Butaw's General Store.
  1950 | D:3      | Bought a scroll of identify for 28 gold pieces
  1954 | D:3      | Found Utimeo Cuud's Armour Emporium.
  2105 | D:3      | Found a faded altar of an unknown god.
  2170 | D:3      | Reached ** piety under Trog
  2371 | D:4      | Reached skill level 4 in Fighting
  2377 | D:4      | Reached XP level 4. HP: 31/40 MP: 3/3
  2422 | D:4      | Reached skill level 4 in Maces & Flails
  2708 | D:4      | Found a hazy altar of Hepliaklqana.
  2899 | D:4      | Reached XP level 5. HP: 47/47 MP: 4/4
  3010 | D:4      | Found a hide-covered altar of Uskayaw.
  3037 | D:4      | Noticed Edmund
  3068 | D:4      | Slain by Edmund

Vanquished Creatures
  A jelly (D:4)
  2 adders (D:2 D:4)
  3 gnolls (D:4)
  A worm (D:2)
  A dart slug (D:4)
  An orc (D:4)
  5 bats (D:1 D:2 D:3)
  5 endoplasms (D:1 D:2 D:3 D:4)
  A giant cockroach (D:1)
  2 goblins (D:1 D:2)
  5 hobgoblins (D:1 D:2 D:3 D:4)
  4 jackals (D:4)
  4 kobolds (D:1 D:2)
  2 ball pythons (D:1 D:3)
  2 frilled lizards (D:2 D:3)
  2 rats (D:1 D:2)
41 creatures vanquished.

Table legend: (Time is in decaauts)
 A = Elapsed time spent in this place.
 B = Non-inter-level travel time spent in this place.
 C = Inter-level travel time spent in this place.
 D = Time resting spent in this place.
 E = Time spent auto-exploring this place.
 F = Levels seen in this place.
 G = Mean time per level.
                   A        B        C        D        E       F      G
               +--------+--------+--------+--------+--------+-----+--------+
         Total |   3124 |   2931 |    193 |     32 |   2444 |   4 |  781.0 |
       Dungeon |   3124 |   2931 |    193 |     32 |   2444 |   4 |  781.0 |
               +--------+--------+--------+--------+--------+-----+--------+

Top non-repeatable levels by time:
     D:2: 883 daAuts
     D:4: 790 daAuts
     D:1: 770 daAuts
     D:3: 680 daAuts

Table legend:
 A = Non-vault XP
 B = Vault XP
 C = Vault XP percentage of total XP
 D = Non-vault monster count
 E = Vault monster count
 F = Vault count percentage of total count
                 A         B        C        D         E       F
            +---------+---------+-------+---------+---------+-------
      Total |     169 |       4 |   2.3 |      39 |       2 |   4.9
            +---------+---------+-------+---------+---------+-------
        D:1 |      14 |       4 |  22.2 |       9 |       2 |  18.2
        D:2 |      29 |       0 |   0.0 |      10 |       0 |   0.0
        D:3 |      12 |       0 |   0.0 |       7 |       0 |   0.0
        D:4 |     114 |       0 |   0.0 |      13 |       0 |   0.0
            +---------+---------+-------+---------+---------+-------
